Mourne, chaotic male orcish Priest ------------ |..........| ----------.-.--- |.....{.....#####-..............| |..........| # |........>.....| ---------------- ---.-------- ...............| |.........{.....############## ------|--.------ |..............| # #### |..............| # # |...............## #### -.-------------- # d # #################oqq#h%##ff@GG#######B############## # -----G----- -.-.-+--.-- ### ......o.(\| |.......... # |.....%%F..| |.........| ##-...)%.....| |.........| ------------ |.........| |.<.......| ----------- Mourne the Acolyte Experience level: 3 Strength: 12 Dexterity: 13 Constitution: 14 Intelligence: 11 Wisdom: 16 Charisma: 9 Health: 0(17) Energy: 5(31) Def: 2 Gold: 366 Moves: 1766 Dungeon seed: X76XyK1qYiVAfND7 Game ID: Mourne_1520557994 Your Inventory: Coins $ - 366 gold pieces Weapons a - a blessed +1 mace (weapon in hand) Armor e - an uncursed +0 robe (being worn) n - an uncursed +0 orcish shield Comestibles c - an uncursed clove of garlic d - an uncursed sprig of wolfsbane p - an uncursed food ration Scrolls l - a cursed scroll of stinking cloud o - a cursed scroll of magic mapping Potions b - 4 potions of holy water m - an uncursed potion of sickness Tools h - an uncursed oil lamp (0:1231) Spells and supernatural/magical abilities: Name Level Category Fail Memory l - light 1 divination 0% 98% A - create familiar 3 clerical 0% 98% W - pray for help -- divine ? -- X - turn undead -- divine ? -- Your skills at the end: Fighting Skills wands [Basic] Weapon Skills mace [Basic] Spellcasting Skills clerical spells [Basic] Final Attributes: You were immune to poison. You had infravision. You are dead. Vanquished creatures: a bugbear 2 little dogs 2 kittens a dwarf a rothe an iguana a large kobold 5 hobgoblins 4 giant rats a cave spider a gnome 2 garter snakes 2 geckos 3 jackals 3 foxes 2 kobolds 2 goblins 3 sewer rats 5 grid bugs a lichen 4 newts 47 creatures vanquished. Voluntary challenges: You were an atheist. You used a wielded weapon 32 times, starting on turn 94. You read items or engraved 9 times, starting on turn 2. You never genocided any monsters. You never polymorphed an object. You never changed form. You used no wishes. You never split a pudding. You never wrote Elbereth's name. You never violated your personal moral code. Dungeon overview: The Dungeons of Doom: levels 1 to 5 Level 1 a long staircase Level 2 a sink Level 3 a long staircase Level 4 a fountain Level 5 <- You were here some fountains, a throne History has recorded: On T:1 you entered the Dungeons of Doom to retrieve the Amulet of Yendor! On T:497 you advanced to experience level 2. On T:670 you reached level 2 of The Dungeons of Doom. On T:934 you reached level 3 of The Dungeons of Doom. On T:1466 you advanced to experience level 3. On T:1547 you reached level 5 of The Dungeons of Doom. Score breakdown: Gold: 366 ( 8724 points) Experience: 3 levels ( 7878 points) Exploration: 5 levels ( 9.80%) ( 8485 points) Discoveries: 0 items ( 0.00%) ( 0 points) Valuables value: (no points given unless you survive) Artifact value: 0 ( 0 points) Variety of kills: 21 monsters ( 5.53%) ( 7052 points) Turncount: 1766 turns ( 0 points) Survival: died (score multiplied by 80%) Total score: 25711 Latest messages: You hear some noises in the distance. The bugbear wields an orcish dagger! The orcish dagger welds itself to the bugbear's hand! The gnomish wizard casts a spell! The magic missile hits you! The magic missile bounces! You hear some noises in the distance. You hear some noises nearby. The bugbear tries to wield an orcish dagger. The bugbear's orcish dagger is welded to her hand! You hear some noises nearby. You hear some noises in the distance. You hear some noises nearby. The kitten eats a female gecko corpse. You hear some noises nearby. The kitten is killed! There are several objects here. The gnome lady thrusts her dagger at you. The gnome lady hits! You die... Final status: Goodbye Mourne the Priest, killed by a gnome lady... You died in The Dungeons of Doom on dungeon level 5 with 25711 points, and 366 pieces of gold, after 1766 moves. You were level 3 with a maximum of 17 hit points when you died.